 Dungeon Crawl Stone Soup version 0.22.1-1-ga44c0e56f4 (webtiles) character file.

102 LLavrengius the Sneak (level 4, -4/21 HPs)
             Began as a Spriggan Enchanter on Oct 17, 2018.
             Was an Initiate of Dithmenos.
             Slain by a kobold
             ... wielding a +2 whip of venom
              (5 damage)
             ... on level 2 of the Dungeon on Oct 18, 2018.
             The game lasted 00:09:33 (2391 turns).

LLavrengius the Sneak (Spriggan Enchanter)          Turns: 2391, Time: 00:09:34

Health: -4/21      AC:  2    Str:  3    XL:     4   Next: 50%
Magic:  9/9        EV: 18    Int: 16    God:    Dithmenos [......]
Gold:   80         SH:  0    Dex: 16    Spells: 2/8 levels left

rFire    . . .     SeeInvis +   a - +1 dagger
rCold    . . .     Gourm    .   (shield restricted)
rNeg     . . .     Faith    .   b - +0 robe
rPois    .         Spirit   .   (helmet restricted)
rElec    .         Reflect  .   (no cloak)
rCorr    .         Harm     .   (gloves unavailable)
MR       .....                  (boots unavailable)
Stlth    +++.......             (no amulet)
HPRegen  0.07/turn              (no ring)
MPRegen  0.11/turn              (no ring)

@: lethally poisoned (-4 -> -10), very quick
A: very small, unfitting armour, see invisible, herbivore, speed 3, mutation
resistance 1, slow metabolism 2, weak 1
a: Renounce Religion


You were on level 2 of the Dungeon.
You worshipped Dithmenos.
Dithmenos was noncommittal.
You were hungry.

You visited 1 branch of the dungeon, and saw 2 of its levels.

You collected 80 gold pieces.

Inventory:

Hand Weapons
 a - a +1 dagger (weapon)
Missiles
 g - 20 stones (quivered)
Armour
 b - a +0 robe (worn)
Jewellery
 f - a cursed ring of teleportation {unknown}
 i - an uncursed ring of ice {unknown}
Scrolls
 c - a scroll of magic mapping {unknown}
 e - 3 scrolls of identify {unknown}
 h - a scroll of fear {unknown}
 j - a scroll of remove curse {unknown}
Comestibles
 d - 3 rations


   Skills:
 * Level 4.6 Short Blades
 - Level 3.0 Dodging
 + Level 4.8 Stealth
 - Level 2.6 Spellcasting
 - Level 3.6 Hexes


You had 2 spell levels left.
You knew the following spells:

 Your Spells              Type           Power        Failure   Level  Hunger
a - Corona                Hex            ##.....      4%          1    #......
b - Ensorcelled Hibernat  Hex/Ice        #.....       14%         2    ##.....
c - Confuse               Hex            ##......     13%         3    ###....

Your spell library contained the following spells:

 Spells                   Type           Power        Failure   Level  Hunger
 Tukima's Dance           Hex            ##......     13%         3    ###....
 Dazzling Spray           Conj/Hex       #.....       28%         3    ###....


Dungeon Overview and Level Annotations

Branches:
Dungeon (2/15)

Altars:
Dithmenos


Innate Abilities, Weirdness & Mutations

You are very small and have problems with some larger weapons.
You are too small for most types of armour.
You have supernaturally acute eyesight. (SInv)
You are a herbivore.
You cover ground extremely quickly.
You need to consume almost no food.
You are somewhat resistant to further mutation.
You are weak. (Str -2)


Message History

You are too injured to fight recklessly!
You are too injured to fight recklessly!
You are too injured to fight recklessly!
You hit the bat.
You kill the bat!
Dithmenos accepts your kill.
* * * LOW HITPOINT WARNING * * *
You feel sick.
You see here a bat corpse.
* * * LOW HITPOINT WARNING * * *
You feel sick.
* * * LOW HITPOINT WARNING * * *
You feel sick.
You hit the kobold but do no damage.
* * * LOW HITPOINT WARNING * * *
You feel sick. The kobold completely misses you.
You barely miss the kobold. You barely miss the kobold.
The kobold hits you with a whip of venom.
You die...

######## #...?..# #
### #.....% #.#..
##....# .#.## #....#
.... ##..####.# #.##
#..(.....# #.##
#.###K##### ####... #.
#@# #######......
#.###.# #.....#.####.
#...## #.....# ##..
##.## ###.....# #...
##...###.......# #...
#...†.##.#.....# #...
#.....##.......#......
#.....#....#...######.
##........###......##.


You could see a kobold.

Vanquished Creatures
  A jelly (D:2)
  3 adders (D:2)
  An ooze (D:2)
  A worm (D:2)
  A dart slug (D:2)
  A giant cockroach (D:2)
  3 hobgoblins (D:2)
  4 jackals (D:2)
  A kobold (D:1)
  8 bats
  3 frilled lizards
  7 goblins
  3 rats
37 creatures vanquished.

Notes
Turn   | Place    | Note
-------+----------+-------------------------------------------
     0 | D:1      | LLavrengius the Spriggan Enchanter began the quest for the
                  | Orb.
     0 | D:1      | Reached XP level 1. HP: 9/9 MP: 5/5
     3 | D:1      | Noticed an electric eel
     3 | D:1      | Noticed an electric eel
   564 | D:1      | Reached XP level 2. HP: 13/13 MP: 6/6
  1001 | D:2      | Reached XP level 3. HP: 16/16 MP: 8/8
  1050 | D:2      | Learned a level 2 spell: Ensorcelled Hibernation
  1291 | D:2      | Learned a level 3 spell: Confuse
  1570 | D:2      | Reached XP level 4. HP: 20/21 MP: 9/9
  2044 | D:2      | Found a shadowy altar of Dithmenos.
  2079 | D:2      | Became a worshipper of Dithmenos the Shadowed
  2375 | D:2      | Gained mutation: You are weak. (Str -2) [potion of
                  | mutation]
  2375 | D:2      | Gained mutation: You are somewhat resistant to further
                  | mutation. [potion of mutation]
  2389 | D:2      | HP: 1/21 [poisoned by a kobold]
  2391 | D:2      | Slain by a kobold

Skill      XL: |  1  2  3 |
---------------+----------+-----
Short Blades   | 2 3 4 |  4.6
Dodging        | |  3.0
Stealth        | |  4.8
Spellcasting   | |  2.6
Hexes          | |  3.6

Action                   |  1- 3 |  4- 6 || total
-------------------------+-------+-------++-------
Melee: Dagger            |   119 |    77 ||   196
 Cast: Ensorcelled Hiber |     1 |     7 ||     8
       Confuse           |     1 |     5 ||     6
       Corona            |     1 |       ||     1
  Use: Potion            |       |     1 ||     1
 Stab: Sleeping          |    10 |     2 ||    12
       Distracted        |     1 |       ||     1
       Confused          |     1 |     2 ||     3
Armor: Robe              |     4 |     7 ||    11
Dodge: Dodged            |    77 |    71 ||   148
